 Dungeon Crawl Stone Soup version 0.20.1-1-g8b1a95d (webtiles) character file.

30422 dvd the Impaler (level 13, -4/117 HPs)
             Began as a Minotaur Gladiator on Oct 10, 2017.
             Was a High Priest of Okawaru.
             Slain by a sun demon (5 damage)
             ... led by a balrug
             ... on level 2 of the Abyss on Oct 11, 2017.
             The game lasted 00:40:38 (13672 turns).

dvd the Impaler (Minotaur Gladiator)               Turns: 13672, Time: 00:40:41

Health: -4/117     AC: 20    Str: 27    XL:     13   Next: 20%
Magic:  9/11       EV: 14    Int:  6    God:    Okawaru [*****.]
Gold:   1065       SH:  0    Dex: 11    Spells: 12/12 levels left

rFire    + . .     SeeInvis +   a - +6 bardiche "Leviticus" {chop, +Rage +Inv SInv}
rCold    + + .     Gourm    .   (shield currently unavailable)
rNeg     . . .     Faith    .   R - +1 chain mail of Wonder {rElec MR+ Regen+ Dex-2}
rPois    +         Spirit   .   c - +1 hat
rElec    +         Reflect  .   y - +1 cloak {rC+}
rCorr    +         Harm     .   (no gloves)
MR       +....                  (no boots)
Stlth    ..........             v - amulet of regeneration
Regen    1.1/turn               F - ring of flight
MPRegen  0.2/turn               Y - ring of resist corrosion

@: mighty, resistant, heroism, drained
A: retaliatory headbutt, fangs 2, horns 2, slimy green scales 1, low mp 1,
screaming 1, evolution 1
a: Heroism, Finesse, Renounce Religion, Evoke Berserk Rage, Evoke Invisibility,
Evoke Flight


You were on level 2 of the Abyss.
You worshipped Okawaru.
Okawaru was extremely pleased with you.
You were hungry.

You visited 2 branches of the dungeon, and saw 15 of its levels.
You visited the Abyss 1 time.
You also visited: Ice Cave.

You collected 1065 gold pieces.

Inventory:

Hand Weapons
 a - the +6 bardiche "Leviticus" (weapon) {chop, +Rage +Inv SInv}
   (Okawaru gifted it to you on level 10 of the Dungeon)

   It inflicts extra damage upon your enemies.
   It lets you see invisible.
   It lets you turn invisible.
   It lets you go berserk.
 b - a +1 war axe of draining
 o - a +1 glaive of venom
 J - a +1 war axe
 M - a +4 battleaxe of freezing
 V - a +0 battleaxe of chopping
Missiles
 d - 6 throwing nets
 E - 23 tomahawks (quivered)
Armour
 c - a +1 hat (worn)
 q - a +0 plate armour
 r - a +1 ring mail of fire resistance
 x - a +2 cloak
 y - a +1 cloak of cold resistance (worn)
 H - the +3 scale mail of Vanity {+Fly rN+++ rCorr Int-3}
   (You found it on level 7 of the Dungeon)

   It affects your intelligence (-3).
   It renders you almost immune to negative energy.
   It lets you fly.
   It protects you from acid and corrosion.
 R - the +1 chain mail of Wonder (worn) {rElec MR+ Regen+ Dex-2}
   (Okawaru gifted it to you on level 12 of the Dungeon)

   It affects your dexterity (-2).
   It insulates you from electricity.
   It affects your resistance to hostile enchantments.
   It increases your rate of regeneration.
Jewellery
 v - an amulet of regeneration (around neck)
 F - a ring of flight (left hand)
 K - an uncursed ring of ice
 L - an uncursed amulet of the gourmand
 Y - a ring of resist corrosion (right hand)
Wands
 j - a wand of disintegration (10/24)
 u - a wand of disintegration (9/24)
 O - a wand of flame (30/48)
 P - a wand of digging (15/24)
 T - a wand of disintegration (11/24)
 U - a wand of iceblast (4/15)
Scrolls
 h - 10 scrolls of remove curse
 i - 14 scrolls of identify
 m - a scroll of amnesia
 n - 2 scrolls of fog
 p - 8 scrolls of teleportation
 s - 2 scrolls of enchant weapon
 D - 3 scrolls of blinking
 G - 2 scrolls of recharging
 N - a scroll of holy word {unknown}
 Q - 4 scrolls of magic mapping
Potions
 e - 6 potions of haste
 k - 7 potions of curing
 t - 3 potions of invisibility
 z - 3 potions of flight
 A - a potion of mutation
 B - a potion of ambrosia
 C - a potion of resistance
 S - 3 potions of heal wounds
Books
 w - a book of Callings

   Spells                             Type                      Level
   a - Summon Small Mammal            Summoning                    1
   b - Call Imp                       Summoning                    2
   c - Call Canine Familiar           Summoning                    3
   d - Summon Guardian Golem          Hexes/Summoning              3
   e - Summon Lightning Spire         Summoning/Air                4
   f - Summon Ice Beast               Ice/Summoning                4
 X - a book of Beasts

   Spells                             Type                      Level
   a - Summon Butterflies             Summoning                    1
   b - Call Canine Familiar           Summoning                    3
   c - Summon Ice Beast               Ice/Summoning                4
   d - Summon Mana Viper              Hexes/Summoning              5
   e - Summon Hydra                   Summoning                    7
Comestibles
 f - 10 bread rations
 g - 14 fruits
 l - 10 royal jellies
 I - 7 meat rations


   Skills:
 + Level 11.9(16.7) Fighting
 + Level 11.8(20.2) Axes
 + Level 16.3(22.3) Polearms
 + Level 2.6(7.4) Throwing
 + Level 10.6(15.4) Armour
 + Level 5.8(10.6) Dodging
 + Level 2.2(7.0) Stealth
 + Level 1.4(1.2) Invocations
 + Level 1.0(0.9) Evocations


You had 12 spell levels left.
You didn't know any spells.

Dungeon Overview and Level Annotations

Branches:
Dungeon (14/15)            Temple (1/1) D:4            Lair (0/6) D:10
    Orc: D:9-12      Vaults: D:13-14

Altars:
Ashenzari
Cheibriados
Dithmenos
Elyvilon
Fedhas
Gozag
Kikubaaqudgha
Makhleb
Nemelex Xobeh
Okawaru
Qazlal
Ru
Sif Muna
Trog
Uskayaw
Vehumet
Xom
Yredelemnul
Zin
The Shining One
Beogh

Shops:
D:4 }=*   D:5 :   D:12 (

Annotations:
D:12 Sonja


Innate Abilities, Weirdness & Mutations

You reflexively headbutt those who attack you in melee.
You have a pair of horns on your head.
You have extremely sharp teeth.
You are partially covered in slimy green scales. (AC +2)
Your magical capacity is low. (-10% MP)
You occasionally shout uncontrollably at your foes.
You evolve.


Message History

The fireball engulfs the sun demon.
The sun demon completely resists.
The fireball engulfs the balrug.
The balrug completely resists.
You miss the balrug. You bite the balrug!
The balrug is almost dead.
You are covered in liquid flames!
The balrug barely misses you. The sun demon misses you.
You slash the balrug!
You kill the balrug!
Okawaru is honoured by your kill.
You are covered in liquid flames!
The sun demon barely misses you.
The neqoxec gestures.
The sun demon closely misses you.
You hit the sun demon but do no damage. You headbutt the sun demon.
You bite the sun demon!
The sun demon is moderately wounded.
The sun demon hits you!!
* * * LOW HITPOINT WARNING * * *
You are engulfed in flames.
You resist.
You die...

#. .. .# ##. ..
..# #. .. ###
#.#.#. ##5#
#....#335#
####3##..
#..@#.#.# #
#....##.## .# #.
#...#.##..# ..#
.
#.....#...#.#...
. . .
#.####..### ####
#. . # #
#..#.##...... ..
...# # # . #
..##### # # ..
.# . #### #.# .
.. . ##..#.#.
..#


You could see 2 sun demons, a neqoxec and a white imp.

Vanquished Creatures
  A frost giant (IceCv)
  A balrug (Abyss:2)
  Josephine (D:10)
  Erolcha (D:9)
  The ghost of Gremour the Fencer, a journeyman DrMo of Okawaru (D:11)
  A centaur warrior (D:14)
  3 two-headed ogres
  The ghost of appiemonkey the Cleaver, a novice FoFi of the Shining One (D:9)
  An unseen horror (D:13)
  Pikel (D:9)
  A cyclops (D:13)
  2 ugly things
  3 centaur zombies
  2 ice statues (IceCv)
  Psyche (D:8)
  2 komodo dragons
  2 rime drakes (D:14)
  A redback zombie (D:14)
  6 trolls
  14 polar bears (IceCv)
  Prince Ribbit (D:7)
  Grinder (D:5)
  2 hippogriffs
  A human (D:7)
  5 wraiths
  A basilisk (D:13)
  20 yaks
  A steam dragon (D:10)
  3 hogs (D:7)
  Menkaure (D:4)
  An acid dragon (D:11)
  2 hungry ghosts
  A soldier ant (D:13)
  2 water moccasins
  A slave (D:9)
  9 orc warriors
  2 necrophages
  4 ice beasts
  2 sky beasts
  2 eyes of draining
  13 wolves (IceCv)
  6 ogres
  5 centaurs
  A small abomination (Abyss:2)
  6 bullfrogs
  3 big kobolds
  Blork the orc (D:5)
  A water moccasin zombie (D:6)
  A wyvern skeleton (D:8)
  4 scorpions
  A water moccasin skeleton (D:5)
  10 killer bees
  15 wights
  2 howler monkeys (D:10)
  2 crimson imps
  A bullfrog zombie (D:10)
  2 bullfrog skeletons
  5 hounds
  Crazy Yiuf (D:3)
  5 orc priests
  9 orc wizards
  2 centaur skeletons
  2 gnoll shamans
  An iguana (D:8)
  Ijyb (D:4)
  Natasha (twice) (D:4)
  6 worker ants
  Terence (D:2)
  2 hound zombies
  A hound skeleton (D:8)
  Robin (D:6)
  10 adders
  13 gnolls
  A howler monkey skeleton (D:11)
  2 shadow imps
  2 oozes
  An adder skeleton (D:5)
  An adder zombie (D:7)
  3 worms (D:2)
  4 dart slugs
  8 leopard geckos
  65 orcs
  2 ball pythons
  7 bats
  4 giant cockroaches
  44 goblins
  32 hobgoblins
  14 jackals
  23 kobolds
  2 quokkas
  7 frilled lizards
  A leopard gecko skeleton (D:4)
  A quokka skeleton (D:8)
  6 rats
  A plant (D:10)
475 creatures vanquished.

Vanquished Creatures (others)
  A water elemental (D:14)
  2 slaves (D:9)
  A big kobold (D:9)
  2 electric eels (D:14)
  An orc (D:9)
  4 kobolds (D:9)
11 creatures vanquished.

Grand Total: 486 creatures vanquished

Notes
Turn   | Place    | Note
-------+----------+-------------------------------------------
     0 | D:1      | dvd the Minotaur Gladiator began the quest for the Orb.
     0 | D:1      | Reached XP level 1. HP: 18/18 MP: 0/0
    89 | D:1      | Reached XP level 2. HP: 17/25 MP: 1/1
   483 | D:1      | Reached XP level 3. HP: 29/30 MP: 2/2
   637 | D:2      | Noticed Terence
   647 | D:2      | Killed Terence
   647 | D:2      | Reached skill level 1 in Armour
   810 | D:2      | Reached XP level 4. HP: 35/37 MP: 3/3
   909 | D:2      | Reached skill level 5 in Axes
  1617 | D:3      | Reached XP level 5. HP: 41/45 MP: 4/4
  1818 | D:3      | Reached XP level 6. HP: 38/52 MP: 5/5
  2359 | D:3      | Found a runed door.
  2363 | D:3      | Noticed Crazy Yiuf
  2368 | D:3      | Killed Crazy Yiuf
  2613 | D:4      | Found Naesiur's Jewellery Shop.
  2627 | D:4      | Noticed a hungry ghost
  2668 | D:4      | Killed a hungry ghost
  2680 | D:4      | Reached XP level 7. HP: 24/60 MP: 6/6
  2858 | D:4      | Found a staircase to the Ecumenical Temple.
  2874 | D:4      | Noticed Natasha
  2875 | D:4      | Found Tebb's Assorted Antiques.
  2878 | Temple   | Entered the Ecumenical Temple
  2921 | D:4      | Killed Natasha
  3058 | Temple   | Became a worshipper of Warmaster Okawaru
  3090 | D:4      | Noticed Natasha
  3097 | D:4      | Killed Natasha
  3257 | D:4      | Noticed Ijyb
  3273 | D:4      | Killed Ijyb
  3487 | D:4      | Found Noege's Gadget Boutique.
  3504 | D:4      | Noticed Menkaure
  3509 | D:4      | Killed Menkaure
  3509 | D:4      | Reached skill level 5 in Fighting
  4101 | D:5      | Entered Level 5 of the Dungeon
  4138 | D:5      | Reached XP level 8. HP: 69/69 MP: 7/7
  4215 | D:5      | Noticed Grinder
  4233 | D:5      | Paralysed by Grinder for 3 turns
  4250 | D:5      | Paralysed by Grinder for 4 turns
  4255 | D:5      | Killed Grinder
  4255 | D:5      | Reached * piety under Okawaru
  4456 | D:5      | Reached skill level 5 in Armour
  4459 | D:5      | Reached skill level 10 in Axes
  4755 | D:5      | Noticed Blork the orc
  4761 | D:5      | Killed Blork the orc
  4846 | D:5      | Reached ** piety under Okawaru
  4859 | D:5      | Reached skill level 1 in Polearms
  4885 | D:5      | Found Pumeagao's Book Shoppe.
  4940 | D:5      | Reached XP level 9. HP: 70/78 MP: 8/8
  4966 | D:5      | Reached skill level 2 in Polearms
  4966 | D:5      | Reached skill level 1 in Stealth
  5027 | D:6      | Reached skill level 1 in Evocations
  5045 | D:6      | Noticed Robin
  5055 | D:6      | Killed Robin
  5300 | D:6      | Reached skill level 3 in Polearms
  5326 | D:5      | HP: 3/78 [poisoned by an orc warrior]
  5337 | D:5      | HP: 3/78 [poisoned by an orc warrior]
  5342 | D:5      | HP: 3/78 [poisoned by an orc warrior]
  5348 | D:5      | HP: 3/78 [poisoned by an orc warrior]
  5953 | D:6      | Reached skill level 4 in Polearms
  6330 | D:7      | Got a faintly glowing scale mail
  6367 | D:7      | Identified the +3 scale mail of Vanity {+Fly rN+++ rCorr Int-3} (You found it on level 7 of the Dungeon)
  6398 | D:7      | Reached *** piety under Okawaru
  6398 | D:7      | Reached skill level 5 in Polearms
  6702 | D:7      | Noticed Prince Ribbit
  6707 | D:7      | Killed Prince Ribbit
  6833 | D:7      | Identified a scroll of acquirement
  6849 | D:7      | Gained mutation: You have very sharp teeth. [potion of mutation]
  6849 | D:7      | Gained mutation: Your spells are a little easier to cast, but a little less powerful. [potion of mutation]
  6849 | D:7      | Gained mutation: You are partially covered in slimy green scales. (AC +2) [potion of mutation]
  6849 | D:7      | Lost mutation: Your spells are a little easier to cast, but a little less powerful. [potion of mutation]
  6875 | D:7      | Lost intelligence.
  6975 | D:8      | Reached XP level 10. HP: 70/88 MP: 9/9
  7011 | D:8      | Noticed Psyche
  7029 | D:8      | Noticed a two-headed ogre
  7041 | D:8      | Reached skill level 6 in Polearms
  7047 | D:8      | Killed a two-headed ogre
  7047 | D:8      | Reached skill level 7 in Polearms
  7195 | D:8      | Killed Psyche
  7465 | D:8      | Reached skill level 8 in Polearms
  8638 | D:9      | Reached skill level 9 in Polearms
  8648 | D:9      | Noticed appiemonkey's ghost (novice FoFi)
  8650 | D:9      | Noticed Erolcha
  8661 | D:9      | Killed appiemonkey's ghost
  8666 | D:9      | Killed Erolcha
  8666 | D:9      | Reached skill level 10 in Polearms
  8829 | D:9      | Noticed a two-headed ogre
  8836 | D:9      | Killed a two-headed ogre
  8836 | D:9      | Reached **** piety under Okawaru
  8836 | D:9      | Reached XP level 11. HP: 78/97 MP: 10/10
  8991 | D:9      | Noticed Pikel
  8996 | D:9      | Killed Pikel
  9019 | D:9      | Reached skill level 11 in Polearms
  9268 | D:9      | Found a roughly hewn altar of Beogh.
  9530 | D:10     | Entered Level 10 of the Dungeon
  9530 | D:10     | Noticed Josephine
  9547 | D:10     | Killed Josephine
  9559 | D:10     | Reached ***** piety under Okawaru
  9803 | D:10     | Found a staircase to the Lair.
  9867 | D:10     | Reached skill level 12 in Polearms
 10108 | D:10     | Reached skill level 10 in Fighting
 10145 | D:10     | Received a gift from Okawaru
 10146 | D:10     | Got an ichor-stained bardiche {god gift}
 10147 | D:10     | Identified the +6 bardiche "Leviticus" {chop, +Rage +Inv SInv} (Okawaru gifted it to you on level 10 of the Dungeon)
 10441 | D:10     | Reached skill level 5 in Dodging
 10512 | D:10     | Noticed a two-headed ogre
 10518 | D:10     | Killed a two-headed ogre
 10765 | D:11     | Reached skill level 13 in Polearms
 10906 | D:11     | Noticed Gremour's ghost (journeyman DrMo)
 10915 | D:11     | Killed Gremour's ghost
 10915 | D:11     | Reached XP level 12. HP: 91/107 MP: 8/11
 11061 | D:11     | Gained mutation: You are clumsy. (Dex -2) [mutagenic meat]
 11062 | D:11     | Gained mutation: Scrolls take you a little longer to read. [mutagenic meat]
 11063 | D:11     | Gained mutation: You have extremely sharp teeth. [mutagenic meat]
 11138 | D:11     | You fall through a shaft for 3 floors!
 11175 | D:14     | Noticed a centaur warrior
 11187 | D:14     | Killed a centaur warrior
 11288 | D:14     | Reached skill level 14 in Polearms
 11288 | D:14     | Reached skill level 1 in Invocations
 11323 | D:14     | Reached skill level 10 in Armour
 11324 | D:14     | Found a frozen archway.
 11405 | IceCv    | Entered an ice cave
 11428 | IceCv    | Received a gift from Okawaru
 11589 | IceCv    | Received a gift from Okawaru
 11806 | IceCv    | Reached skill level 15 in Polearms
 11877 | IceCv    | Reached ****** piety under Okawaru
 11949 | IceCv    | Noticed a frost giant
 11965 | IceCv    | Killed a frost giant
 12366 | D:14     | Noticed a seven-headed hydra
 12527 | D:13     | Reached XP level 13. HP: 116/116 MP: 13/13
 12577 | D:13     | Lost mutation: You are clumsy. (Dex -2) [potion of mutation]
 12577 | D:13     | Lost mutation: Scrolls take you a little longer to read. [potion of mutation]
 12577 | D:13     | Gained mutation: Your magical capacity is low. (-10% MP) [potion of mutation]
 12577 | D:13     | Gained mutation: You occasionally shout uncontrollably at your foes. [potion of mutation]
 12577 | D:13     | Gained mutation: You evolve. [potion of mutation]
 12807 | D:13     | Reached skill level 16 in Polearms
 13276 | D:12     | Found Difinkett's Antique Weapon Shoppe.
 13298 | D:12     | Received a gift from Okawaru
 13301 | D:12     | Got a heavily runed chain mail {god gift}
 13312 | D:12     | Identified the +1 chain mail of Wonder {rElec MR+ Regen+ Dex-2} (Okawaru gifted it to you on level 12 of the Dungeon)
 13502 | D:12     | Noticed Sonja
 13514 | D:12     | Cast into level 2 of the Abyss (Sonja)
 13659 | Abyss:2  | Noticed a balrug
 13670 | Abyss:2  | Killed a balrug
 13672 | Abyss:2  | HP: 1/117 [sun demon[a balrug] (20)]
 13672 | Abyss:2  | Slain by a sun demon

Skill      XL: |  1  2  3  4  5  6  7  8  9 10 11 12 13 |
---------------+----------------------------------------+-----
Axes           | 4 5 6 7 9 10 11 | 11.8
Armour         | 1 2 4 5 7 8 9 10 | 10.6
Fighting       | 3 4 5 6 7 9 10 11 | 11.9
Dodging        | 4 5 |  5.8
Polearms       | 1 5 10 13 15 16 | 16.3
Stealth        | 1 2 |  2.2
Evocations     | 1 |  1.0
Invocations    | 1 |  1.4
Throwing       | |  2.6

Action                   |  1- 3 |  4- 6 |  7- 9 | 10-12 | 13-15 || total
-------------------------+-------+-------+-------+-------+-------++-------
Melee: War axe           |    54 |   188 |   188 |       |       ||   430
       Headbutt          |    12 |    26 |    53 |    89 |    16 ||   196
       Halberd           |       |       |    56 |    10 |       ||    66
       Glaive            |       |       |    42 |   312 |       ||   354
       Bite              |       |       |     3 |    60 |     6 ||    69
       Bardiche          |       |       |       |   257 |    78 ||   335
       Battleaxe         |       |       |       |     7 |       ||     7
Throw: Tomahawk          |       |       |       |     8 |     1 ||     9
Invok: Heroism           |       |       |     3 |     6 |     1 ||    10
 Abil: Evoke Berserk Rag |       |       |     1 |       |       ||     1
Evoke: Wand              |       |       |       |     2 |       ||     2
  Use: Scroll            |       |       |    12 |     7 |       ||    19
       Potion            |       |       |    11 |     1 |     8 ||    20
 Stab: Distracted        |       |       |     1 |     1 |       ||     2
  Eat: Chunk             |       |     9 |    29 |    14 |     5 ||    57
       Meat ration       |       |     1 |       |       |       ||     1
Armor: Leather armour    |    13 |     4 |       |       |       ||    17
       Plate armour      |       |   140 |   167 |    29 |       ||   336
       Scale mail        |       |       |     6 |   268 |    18 ||   292
       Chain mail        |       |       |       |       |     6 ||     6
Dodge: Dodged            |    48 |    83 |   112 |   319 |    44 ||   606
